 Dungeon Crawl Stone Soup version 0.29-a0-824-gd827844252 (webtiles) character file.

Game seed: 5567896686490050334

107 dolemite99 the Chopper (level 4, -4/58 HPs)
             Began as a Minotaur Chaos Knight on July 9, 2022.
             Was a Follower of Okawaru.
             Slain by a crimson imp (5 damage)
             ... summoned by Xom
             ... on level 3 of the Dungeon.
             The game lasted 00:02:22 (2534 turns).

dolemite99 the Chopper (Minotaur Chaos Knight)      Turns: 2534, Time: 00:02:22

Health: -4/58      AC: 22    Str: 18    XL:     4   Next: 57%
Magic:  3/3        EV:  2    Int:  9    God:    Okawaru [*.....]
Gold:   64         SH:  3    Dex: 10    Spells: 3/3 levels left

rFire   . . .      SeeInvis .   a - +0 hand axe (chaos)
rCold   . . .      Faith    .   d - +0 buckler
rNeg    . . .      Spirit   .   (body armour currently unavailable)
rPois   +          Reflect  .   (helmet currently unavailable)
rElec   .          Harm     .   (cloak currently unavailable)
rCorr   .          Rampage  .   (gloves currently unavailable)
Will    .....      Clarity  +   (boots currently unavailable)
Stlth   +......... NoTele   +   (no amulet)
HPRegen 0.19/turn               (no ring)
MPRegen 0.08/turn               (no ring)

@: tree-form
A: stationary, stasis, torment immunity, boosted hp, (horns 2), (retaliatory
headbutt), clarity, evolution 1
a: Renounce Religion, Heroism


You were on level 3 of the Dungeon.
You worshipped Okawaru.
Okawaru was aware of your devotion.
You were a tree.
You visited 1 branch of the dungeon, and saw 3 of its levels.

You collected 64 gold pieces.

Inventory:

Hand Weapons
 a - a +0 hand axe of chaos (weapon)
 b - a +2 whip of flaming
Missiles
 q - a throwing net
Armour
 d - a +0 buckler (worn)
 m - a +0 scale mail (melded)
 r - a +2 leather armour
Jewellery
 j - a +6 ring of dexterity
Wands
 g - a wand of digging (3)
Scrolls
 e - a scroll of poison {unknown}
 h - a scroll of enchant weapon {unknown}
 i - 2 scrolls of magic mapping {unknown}
 k - 2 scrolls of teleportation
 p - a scroll of identify {unknown}
 t - a scroll of noise {unknown}
 u - a scroll of blinking {unknown}
Potions
 f - a potion of mutation
 n - 2 potions of might {unknown}
 o - a potion of magic {unknown}
 s - a potion of berserk rage {unknown}
Miscellaneous
 c - a piece from Xom's chessboard (15/15)


   Skills:
 - Level 3.6 Fighting
 + Level 6.5 Axes
 - Level 2.4 Armour
 - Level 1.1 Dodging


You had 3 spell levels left.
You didn't know any spells.
Your spell library contained the following spells:

 Spells                   Type           Power      Damage    Failure   Level
 Ignite Poison            Fire/Tmut/Pois 0%         N/A       86%         3
 Mephitic Cloud           Conj/Pois/Air  0%         N/A       86%         3
 Freezing Cloud           Conj/Ice/Air   0%         6-21      100%        5


Dungeon Overview and Level Annotations

Branches:
Dungeon (3/15)

Altars:
Okawaru


Innate Abilities, Weirdness & Mutations

You are a tree.
Your roots penetrate the ground, keeping you stationary.
You cannot be teleported.
You are immune to unholy pain and torment.
Your maximum health is greatly increased.
Your equipment is partially melded.
((You have a pair of horns on your head.))
((You reflexively headbutt those who attack you in melee.))
You possess an exceptional clarity of mind.
You have hidden genetic potential.


Message History

The crimson imp hits you but does no damage.
The iron imp hits you but does no damage.
You hit the crimson imp.
The crimson imp convulses.
The crimson imp is moderately wounded.
You closely miss the iron imp. You hit the shadow imp. You burn the shadow imp.
You kill the shadow imp!
The shadow imp disappears in a puff of smoke!
The crimson imp hits you but does no damage.
You block the iron imp's attack. The crimson imp hits you.
* * * LOW HITPOINT WARNING * * *
You slash the crimson imp!
The crimson imp is poisoned.
The crimson imp is severely wounded.
You closely miss the iron imp. You closely miss the shadow imp.
You block the crimson imp's attack.
The shadow imp hits you but does no damage.
You block the iron imp's attack.
You hit the crimson imp but do no damage.
The crimson imp is heavily wounded.
You hit the iron imp but do no damage.
You hit the shadow imp but do no damage.
You block the crimson imp's attack.
The crimson imp hits you but does no damage.
The shadow imp hits you but does no damage.
The iron imp hits you but does no damage.
You barely miss the crimson imp.
The crimson imp is heavily wounded.
You hit the iron imp.
You kill the iron imp!
The iron imp degenerates into a cloud of primal chaos!
You hit the shadow imp. The crimson imp hits you.
* * * LOW HITPOINT WARNING * * *
The shadow imp hits you but does no damage.
You hit the crimson imp but do no damage.
The crimson imp is heavily wounded.
You hit the shadow imp.
You kill the shadow imp!
The shadow imp degenerates into a cloud of primal chaos!
The crimson imp hits you but does no damage.
The crimson imp hits you.
You die...

........ ......
..... .... ..#
#.# ##.####.#
#.§♣....#
#.5######
#..##<#
#.#..##.#####.#
#.............#
###..##.#######
#..#....
#..##..##
........


You could see a crimson imp (summoned, berserk, strong, very poisoned).

Vanquished Creatures
  Terence (D:2)
  Robin (D:2)
  2 adders (D:2)
  A dart slug (D:2)
  3 ball pythons (D:1)
  4 endoplasms
  A giant cockroach (D:1)
  15 goblins
  6 hobgoblins
  4 kobolds
  A quokka (D:2)
  6 bats
  3 frilled lizards
48 creatures vanquished.

Notes
Turn   | Place    | Note
-------+----------+-------------------------------------------
     0 | D:1      | dolemite99 the Minotaur Chaos Knight began the quest for
                  | the Orb.
     0 | D:1      | Reached XP level 1. HP: 19/19 MP: 0/0
    46 | D:1      | Reached skill level 4 in Axes
   162 | D:1      | Found a faded altar of an unknown god.
   173 | D:1      | XOM: butterfly on damage
   178 | D:1      | Reached XP level 2. HP: 9/26 MP: 1/1
   178 | D:1      | Prayed at the altar of an unknown god.
   178 | D:1      | Fell from the grace of Xom
   178 | D:1      | Became a worshipper of Warmaster Okawaru
   178 | D:1      | Reached * piety under Okawaru
  1404 | D:2      | Reached skill level 5 in Axes
  1404 | D:2      | Reached XP level 3. HP: 31/31 MP: 2/2
  1592 | D:2      | Identified the +0 helmet "Qeuluaz" {Str+3}
  1592 | D:2      | Noticed Robin
  1604 | D:2      | Gained mutation: You have hidden genetic potential. [potion
                  | of mutation]
  1618 | D:2      | HP: 2/46 [something (2)]
  1631 | D:2      | Killed Robin
  1632 | D:2      | Reached skill level 6 in Axes
  1632 | D:2      | Reached XP level 4. HP: 5/39 MP: 3/3
  2084 | D:2      | Noticed Terence
  2098 | D:2      | Killed Terence
  2109 | D:2      | Gained mutation: You possess an exceptional clarity of
                  | mind. [hidden potential]
  2510 | D:3      | XOM: summons 9 hostile demons
  2529 | D:3      | HP: 2/58 [shadow imp[Xom] (2)]
  2534 | D:3      | Slain by a crimson imp

Illustrated notes

Levels and vault maps discovered:
D:1:      mrwooster_arrival_arrow, layout_loops_corners,
          hellmonk_ecumenical_altar_pennies_from_heaven
D:2:      layout_rooms, uniq_robin, uniq_terence
D:3:      layout_basic, minmay_tree_intersection, minivault_24,
          nrook_mini_vaults, uniq_sigmund

Skill      XL: |  1  2  3 |
---------------+----------+-----
Axes           | 4 5 6 |  6.5
Fighting       | |  3.6
Armour         | |  2.4
Dodging        | |  1.1

Action                   |  1- 3 |  4- 6 || total
-------------------------+-------+-------++-------
Melee: Hand axe          |    77 |    36 ||   113
       Headbutt          |    12 |     3 ||    15
       Punch             |     1 |       ||     1
       Whip              |     7 |       ||     7
Invok: Heroism           |     1 |       ||     1
  Use: Potion            |     4 |     1 ||     5
       Scroll            |     1 |       ||     1
Armor: Leather armour    |    36 |     1 ||    37
       Skin              |    27 |    42 ||    69
       Scale mail        |       |     2 ||     2
Dodge: Dodged            |    42 |    10 ||    52
Block: Buckler           |     9 |    15 ||    24

Table legend: (Time is in decaauts)
 A = Elapsed time spent in this place.
 B = Non-inter-level travel time spent in this place.
 C = Inter-level travel time spent in this place.
 D = Time resting spent in this place.
 E = Time spent auto-exploring this place.
 F = Levels seen in this place.
 G = Mean time per level.
                   A        B        C        D        E       F      G
               +--------+--------+--------+--------+--------+-----+--------+
         Total |   2542 |   2491 |     51 |    577 |   1508 |   3 |  847.3 |
       Dungeon |   2542 |   2491 |     51 |    577 |   1508 |   3 |  847.3 |
               +--------+--------+--------+--------+--------+-----+--------+

Top non-repeatable levels by time:
     D:1: 1276 daAuts
     D:2: 1218 daAuts
     D:3: 48 daAuts
